 Dungeon Crawl Stone Soup version 0.23.0 (webtiles) character file.

Game seed: 2104319302418405321

134 elfaar the Conjurer (level 4, -3/34 HPs)
             Began as a Draconian Conjurer on Feb 17, 2019.
             Was an Initiate of Nemelex Xobeh.
             Slain by a wyvern (15 damage)
             ... summoned by the player character
             ... on level 3 of the Dungeon.
             The game lasted 00:30:41 (2031 turns).

elfaar the Conjurer (Draconian Conjurer)            Turns: 2031, Time: 00:30:41

Health: -3/34      AC:  5    Str: 10    XL:     4   Next: 95%
Magic:  8/8        EV: 13    Int: 16    God:    Nemelex Xobeh [......]
Gold:   119        SH:  0    Dex: 12    Spells: 5/8 levels left

rFire    . . .     SeeInvis .   f - +0 spear
rCold    . . .     Gourm    .   (no shield)
rNeg     . . .     Faith    .   (armour unavailable)
rPois    .         Spirit   .   (helmet restricted)
rElec    .         Reflect  .   (no cloak)
rCorr    .         Harm     .   (no gloves)
MR       .....                  (no boots)
Stlth    ++........             g - amulet of rage
HPRegen  0.11/turn              (no ring)
MPRegen  0.11/turn              (no ring)

@: no status effects
A: unfitting armour, cold-blooded, AC +5
a: Draw Escape, Draw Destruction, Draw Summoning, Renounce Religion, Evoke
Berserk Rage


You were on level 3 of the Dungeon.
You worshipped Nemelex Xobeh.
Nemelex Xobeh was noncommittal.
You were not hungry.

You visited 1 branch of the dungeon, and saw 4 of its levels.

You collected 119 gold pieces.

Inventory:

Hand Weapons
 a - a +0 spear
 f - a +0 spear (weapon)
Missiles
 d - 44 stones (quivered)
Jewellery
 g - an amulet of rage (around neck)
Scrolls
 j - a scroll of identify
Potions
 c - 2 potions of agility {unknown}
 e - a potion of curing {unknown}
 h - a potion of heal wounds {unknown}
Comestibles
 b - 4 rations
 i - a chunk of flesh


   Skills:
 + Level 0.4 Fighting
   Level 0.2 Short Blades
 + Level 0.4 Polearms
 + Level 2.6 Dodging
 + Level 2.5 Stealth
 + Level 2.8 Spellcasting
 + Level 4.9 Conjurations


You had 5 spell levels left.
You knew the following spells:

 Your Spells              Type           Power        Failure   Level  Hunger
a - Magic Dart            Conj           ###.         2%          1    #......
b - Searing Ray           Conj           ###...       3%          2    ##.....

Your spell library contained the following spells:

 Spells                   Type           Power        Failure   Level  Hunger
 Dazzling Spray           Conj/Hex       ##....       22%         3    ###....
 Iskenderun's Mystic Bla  Conj           ###.....     26%         4    #####..
 Force Lance              Conj/Tloc      ##......     56%         4    #####..
 Fulminant Prism          Conj/Hex       ##........   56%         4    #####..


Dungeon Overview and Level Annotations

Branches:
Dungeon (4/15)
 Temple: D:4-7

Altars:
Elyvilon
Makhleb
Nemelex Xobeh


Innate Abilities, Weirdness & Mutations

Your plain brown scales are hard. (AC +5)
You cannot fit into any form of body armour.
You are cold-blooded and may be slowed by cold attacks.


Message History

The orc wizard blinks!
You swap places.
The wyvern barely misses your wyvern.
Your wyvern barely misses the wyvern.
Items here: )) [ † a +0 dagger; a +0 robe; a +0 short sword; an orc corpse The wyvern bites your wyvern!!
Your wyvern closely misses the wyvern.
The wyvern closely misses your wyvern.
The orc wizard mumbles some strange words.
The orc wizard blinks!
Found an escape hatch in the ceiling.
You see here a scroll of identify.
j - a scroll of identify The wyvern bites something.
Your wyvern bites the wyvern.
The wyvern misses your wyvern. The wyvern bites your wyvern.
The wyvern barely misses your wyvern.
The wyvern barely misses your wyvern. x2
Your wyvern bites the wyvern!
The wyvern bites you!
You die...
Your body disappears without a glow.

########
#......#
#......#
#......#
##.@l...#
#######..ll...#
..........l...#
.##............#
........#......#
#..#.#....<####
#....#.####### #
...#........
.#..#.#l########


You could see a wyvern and 3 friendly wyverns.

Vanquished Creatures
  Robin (D:2)
  5 adders
  A worm (D:2)
  A dart slug (D:2)
  An orc (D:2)
  2 giant cockroaches
  12 goblins
  10 hobgoblins
  5 jackals
  8 kobolds
  2 quokkas (D:2)
  2 ball pythons (D:2)
  5 bats
  2 frilled lizards
  4 rats
61 creatures vanquished.

Vanquished Creatures (collateral kills)
  An orc wizard (D:3)
1 creature vanquished.

Grand Total: 62 creatures vanquished

Notes
Turn   | Place    | Note
-------+----------+-------------------------------------------
     0 | D:1      | elfaar the Draconian Conjurer began the quest for the Orb.
     0 | D:1      | Reached XP level 1. HP: 14/14 MP: 3/3
   195 | D:1      | Reached XP level 2. HP: 20/20 MP: 0/5
   200 | D:1      | Learned a level 2 spell: Searing Ray
   650 | D:2      | Reached XP level 3. HP: 26/26 MP: 3/6
   654 | D:2      | Noticed Robin
   816 | D:2      | Killed Robin
  1101 | D:2      | Reached XP level 4. HP: 24/34 MP: 2/7
  1352 | D:2      | Found a white marble altar of Elyvilon.
  1352 | D:2      | Found a sparkling altar of Nemelex Xobeh.
  1368 | D:2      | Became a worshipper of Nemelex Xobeh the Trickster
  1714 | D:2      | Received a gift from Nemelex Xobeh
  2009 | D:4      | Found a burning altar of Makhleb.
  2012 | D:3      | Noticed a wyvern
  2031 | D:3      | Slain by a wyvern

Skill      XL: |  1  2  3 |
---------------+----------+-----
Dodging        | 2 |  2.6
Stealth        | 2 |  2.5
Fighting       | |  0.4
Short Blades   | |  0.2
Polearms       | |  0.4
Spellcasting   | |  2.8
Conjurations   | |  4.9

Action                   |  1- 3 |  4- 6 || total
-------------------------+-------+-------++-------
Melee: Dagger            |    33 |       ||    33
       Tailslap          |     5 |     2 ||     7
       Spear             |     7 |    45 ||    52
Throw: Stone             |     7 |     4 ||    11
 Cast: Magic Dart        |    42 |    40 ||    82
       Searing Ray       |     5 |     3 ||     8
 Abil: Evoke Berserk Rag |     1 |     1 ||     2
       Draw Destruction  |       |     1 ||     1
       Draw Summoning    |       |     1 ||     1
  Use: Scroll            |     4 |       ||     4
  Eat: Ration            |     1 |     1 ||     2
       Chunk             |       |     2 ||     2
Armor: Skin              |    14 |    14 ||    28
Dodge: Dodged            |    52 |    38 ||    90
